 Dungeon Sprint DCSS version 0.30-a0-177-g1cb5dbfd7a (webtiles) character file.

Game seed: 4406296612805691841

227833 rocky1 the Conqueror (level 18, -7/300 HPs)
             Began as a Black Draconian Monk on Oct 3, 2022.
             Was the Champion of Cheibriados.
             Killed from afar by a fire giant (16 damage)
             ... with a bolt of fire
             ... in the Dungeon (Sprint VII: "The Pits").
             The game lasted 00:59:09 (10447 turns).

rocky1 the Conqueror (Black Draconian Monk)        Turns: 10447, Time: 00:59:10

Health: -7/300     AC: 20    Str: 38    XL:     18   Next: 69%
Magic:  12/46      EV: 25    Int: 41    God:    Cheibriados [******]
Gold:   263        SH:  0    Dex: 33    Spells: 43/66 levels left

rFire   + . .      SeeInvis +      - Unarmed
rCold   . . .      Faith    .    (shield currently unavailable)
rNeg    . . .      Spirit   .    (body armour unavailable)
rPois   +          Reflect  .    (helmet currently unavailable)
rElec   +          Harm     .    (cloak currently unavailable)
rCorr   .          Rampage  .    (gloves currently unavailable)
Will    ++++.      NoTele   +    (boots currently unavailable)
Stlth   ++++++++..               G - amulet of Insomnia {RegenMP rPois Regen+ Str+4 Int+3}
HPRegen 1.50/turn                T - ring "Quqobuw" {Fly Will+++ Str-4 Int+6 Slay+2}
MPRegen 0.70/turn                J - ring of the Briny Deep {rPois rF+ Int-2 Slay+5 SInv}

@: short of breath, dragon-form, flying, very slow
A: dragon claw, dragon scales, flying, boosted hp, breathe lightning, AC +10,
giant, unfitting armour, (big wings), electricity resistance, (cold-blooded),
(talons 1), agile 1, clever 1, wild magic 1
}: 1/3 runes: silver
a: Breathe Lightning, End Transformation, Renounce Religion, Bend Time, Temporal
Distortion, Slouch, Step From Time


You were in the Dungeon.
You worshipped Cheibriados.
Cheibriados was exalted by your worship.
You were a fearsome storm dragon!
You visited 1 branch You collected 263 gold pieces.

Inventory:

Hand Weapons
 a - the +7 glaive of Defence by Offence (melded) {vorpal, rC+ Will+ SInv Stlth+}
   (You found it in the Dungeon)

   It inflicts extra damage upon your enemies.
   rC:        It protects you from cold.
   SInv:      It lets you see invisible.
   Will:      It increases your willpower.
   Stlth:     It makes you more stealthy.
 b - the +9 heavy crossbow "Sniper" {vorpal, Acc+∞ SInv}
   (You found it in the Dungeon)

   Any ammunition fired from it inflicts extra damage upon your enemies.
   Any ammunition fired from it never misses its target.
   SInv:      It lets you see invisible.
 Y - the +5 bardiche "Lymipri" {pain, rElec MP+9 Int+4}
   (You found it in the Dungeon)

   In the hands of one skilled in necromantic magic, it inflicts extra damage on
   living creatures.
   Int:       It affects your intelligence (+4).
   rElec:     It insulates you from electricity.
   MP:        It affects your magic capacity (+9).
Missiles
 C - 2 silver javelins (quivered)
Armour
 l - a +2 hat (melded)
 p - a +1 pair of boots (melded)
 x - a scarf of resistance (melded)
 W - the +2 pair of gloves "Tukotuiser" (melded) {rPois Int+7 Dex-4 SInv}
   (You found it in the Dungeon)

   Int:       It affects your intelligence (+7).
   Dex:       It affects your dexterity (-4).
   rPois:     It protects you from poison.
   SInv:      It lets you see invisible.
Jewellery
 G - the amulet of Insomnia (around neck) {RegenMP rPois Regen+ Str+4 Int+3}
   (You found it in the Dungeon)

   [amulet of magic regeneration]

   It increases your rate of magic regeneration.
   Str:       It affects your strength (+4).
   Int:       It affects your intelligence (+3).
   rPois:     It protects you from poison.
   Regen:     It increases your rate of health regeneration.
 J - the ring of the Briny Deep (right foreclaw) {rPois rF+ Int-2 Slay+5 SInv}
   (You found it in the Dungeon)

   [ring of slaying]

   Int:       It affects your intelligence (-2).
   Slay:      It affects your accuracy & damage with ranged weapons and melee
   (+5).
   rF:        It protects you from fire.
   rPois:     It protects you from poison.
   SInv:      It lets you see invisible.
 T - the ring "Quqobuw" (left foreclaw) {Fly Will+++ Str-4 Int+6 Slay+2}
   (You found it in the Dungeon)

   [ring of intelligence]

   Str:       It affects your strength (-4).
   Int:       It affects your intelligence (+6).
   Slay:      It affects your accuracy & damage with ranged weapons and melee
   (+2).
   Fly:       It grants you flight.
   Will:      It greatly increases your willpower.
Wands
 O - a wand of charming (4)
 P - a wand of roots (4)
Scrolls
 j - 5 scrolls of amnesia
 k - 2 scrolls of summoning
 q - a scroll of enchant armour
 r - 12 scrolls of enchant weapon
 s - 5 scrolls of fear
 v - 2 scrolls of fog
 A - 4 scrolls of immolation
Potions
 c - 12 potions of curing
 d - 8 potions of heal wounds
 e - 6 potions of brilliance
 f - 3 potions of magic
 h - 6 potions of might
 i - 2 potions of invisibility
 m - 6 potions of mutation
 o - a potion of ambrosia
 U - 2 potions of berserk rage
 V - a potion of resistance
Miscellaneous
 g - a lightning rod (4/4)
 n - a phantom mirror
 z - a box of beasts
 H - a condenser vane


   Skills:
 O Level 27 Fighting
 + Level 24.0 Polearms
 - Level 11.1 Ranged Weapons
 - Level 16.4 Dodging
 - Level 17.7 Stealth
 + Level 20.9 Unarmed Combat
 + Level 24.6 Spellcasting
 + Level 14.1 Necromancy
 - Level 20.0 Transmutations
 + Level 19.8 Fire Magic
 + Level 23.1 Air Magic
 - Level 13.7 Invocations
 - Level 10.0 Evocations


You had 43 spell levels left.
You knew the following spells:

 Your Spells              Type           Power      Damage    Failure   Level
a - Dragon Form           Tmut           67%        N/A       1%          7
b - Ignition              Fire           67%        3d18      1%          8
c - Maxwell's Capacitive  Air            71%        ∞         1%          8

Your spell library contained the following spells:

 Spells                   Type           Power      Damage    Failure   Level
 Apportation              Tloc           100%       N/A       1%          1
 Beastly Appendage        Tmut           100%       N/A       1%          1
 Foxfire                  Conj/Fire      100%       2x1d9     1%          1
 Magic Dart               Conj           100%       1d8       1%          1
 Necrotise                Necr           100%       1d9       1%          1
 Sting                    Tmut/Pois      100%       1d8       1%          1
 Ensorcelled Hibernation  Hex/Ice        100%       N/A       1%          2
 Passwall                 Tmut/Erth      89%        N/A       1%          2
 Poisonous Vapours        Pois/Air       100%       N/A       1%          2
 Searing Ray              Conj           100%       2d8       1%          2
 Static Discharge         Conj/Air       100%       2-7/arc   1%          2
 Ignite Poison            Fire/Tmut/Pois 100%       N/A       1%          3
 Inner Flame              Hex/Fire       100%       N/A       1%          3
 Kindle Blastsparks       Fire/Tloc/Air  100%       2d18      1%          3
 Mephitic Cloud           Conj/Pois/Air  99%        N/A       1%          3
 Swiftness                Air            100%       N/A       1%          3
 Vampiric Draining        Necr           100%       2d13      1%          3
 Airstrike                Air            71%        2d(11-27) 1%          4
 Flame Wave               Conj/Fire      100%       2d21      1%          4
 Ice Form                 Ice/Tmut       100%       N/A       1%          4
 Sticky Flame             Conj/Fire      100%       2d11      1%          4
 Summon Lightning Spire   Summ/Air       100%       N/A       1%          4
 Agony                    Necr           100%       N/A       1%          5
 Alistair's Intoxication  Tmut/Pois      71%        N/A       1%          5
 Arcjolt                  Conj/Air       56%        1d66      1%          5
 Blade Hands              Tmut           67%        N/A       1%          5
 Freezing Cloud           Conj/Ice/Air   49%        6-21      1%          5
 Irradiate                Conj/Tmut      53%        3d29      1%          5
 Lightning Bolt           Conj/Air       56%        1d78      1%          5
 Yara's Violent Unravell  Hex/Tmut       53%        3d20      1%          5
 Ozocubu's Armour         Ice            60%        N/A       2%          3
 Portal Projectile        Hex/Tloc       100%       N/A       2%          3
 Summon Guardian Golem    Hex/Summ       60%        N/A       2%          3
 Tukima's Dance           Hex            60%        N/A       2%          3
 Simulacrum               Ice/Necr       48%        N/A       5%          6
 Cause Fear               Hex            30%        N/A       6%          4
 Fulminant Prism          Conj/Hex       30%        3d16      6%          4
 Olgreb's Toxic Radiance  Pois           60%        N/A       6%          4
 Metabolic Englaciation   Hex/Ice        30%        N/A       16%         5
 Enfeeble                 Hex            30%        N/A       98%         7
 Orb of Destruction       Conj           30%        9d10      98%         7
 Spellforged Servitor     Conj/Summ      30%        N/A       98%         7
 Dragon's Call            Summ           30%        N/A       100%        9
 Polar Vortex             Ice            30%        N/A       100%        9


Dungeon Overview and Level Annotations

Branches:
Dungeon (1/1)

Altars:
Ashenzari
Cheibriados
Dithmenos
Elyvilon
Fedhas
Gozag
Hepliaklqana
Kikubaaqudgha
Makhleb
Nemelex Xobeh
Okawaru
Qazlal
Ru
Sif Muna
Trog
Uskayaw
Vehumet
Wu Jian
Xom
Yredelemnul
Zin
The Shining One
Jiyva
Lugonu

Annotations:
D Boris


Innate Abilities, Weirdness & Mutations

You are a fearsome storm dragon!
You have a powerful clawing attack.
Your giant scaled body is strong and resiliant, but less evasive.
Your breath weapon is enhanced in this form.
You are flying.
Your maximum health is greatly increased.
Your armour is entirely melded.
You are incapable of wielding weapons or throwing items.
You can breathe wild blasts of lightning.
Your glossy black scales are hard. (AC +10)
You cannot fit into any form of body armour.
((Your large and strong wings let you fly.))
You are resistant to electric shocks. (rElec)
((You are cold-blooded and may be slowed by cold attacks.))
((You have sharp toenails.))
You are agile. (Dex +4, Str/Int -1)
Your mind is acute. (Int +4, Str/Dex -1)
Your spells are a little harder to cast, but a little more powerful.


Message History

The fire giant is moderately wounded.
Cheibriados appreciates the change of pace.
You feel a bit more experienced.
The fireball engulfs the stone giant!
The stone giant is severely wounded.
A cyclops comes into view.
The fire giant points at you and mumbles some strange words.
The bolt of fire hits the fire giant.
The fire giant completely resists.
The bolt of fire hits you!! You resist.
* * * LOW HITPOINT WARNING * * *
The fire giant points at you and mumbles some strange words.
The fireball explodes!
The fireball engulfs you. You resist.
* * * LOW HITPOINT WARNING * * *
The fireball engulfs the fire giant.
The fire giant resists.
The fireball engulfs the fire giant.
The fire giant completely resists.
You have mastered Fighting!
Your Polearms skill increases to level 24!
Your Necromancy skill increases to level 14!
Your Air Magic skill increases to level 23!
As you read the scroll of fear, it crumbles to dust.
You assume a fearsome visage.
The fire giant resists with almost no effort.
The fire giant looks frightened!
The stone giant looks frightened!
The fire giant looks frightened!
The fire giant easily resists.
The cyclops looks frightened!
The fire giant looks frightened!
The fire giant hits you but does no damage.
The fire giant gibbers meaninglessly.
The fire giant hits you from afar with a +2 antimagic glaive.
* * * LOW HITPOINT WARNING * * *
You feel your power leaking away.
Unknown command.
You feel much better.
A cyclops comes into view.
The fire giant gestures at you while chanting.
The fireball explodes!
The fireball engulfs you! You resist.
* * * LOW HITPOINT WARNING * * *
The fireball engulfs the fire giant.
The fire giant completely resists.
The fire giant points at you and mumbles some strange words.
The bolt of fire hits the fire giant.
The fire giant completely resists.
The bolt of fire hits you! You resist.
You die... ########### CC())(()) C(φC)() ()()) C)(

##########C###########
.......C.†D(.........#
........).)..........#
####################'#
#'# #.# #'# #.# #'#
#)#


You could see 4 fire giants, a stone giant (fleeing) and 2 cyclopes.

Vanquished Creatures
  Dissolution (D)
  A pandemonium lord (D)
  3 ancient liches (D)
  An orb of fire (D)
  Mara (D)
  Mennas (D)
  Frederick (D)
  Xtahua (D)
  A curse toe (D)
  2 golden dragons (D)
  5 bone dragons (D)
  A Brimstone Fiend (D)
  2 hellephants (D)
  4 liches (D)
  A Hell Sentinel (D)
  A tentacled monstrosity (D)
  4 deep elf blademasters (D)
  2 deep elf master archers (D)
  2 acid blobs (D)
  18 titans (D)
  Murray (D)
  2 death cobs (D)
  Frances (D)
  A storm dragon (D)
  3 nagarajas (D)
  A draconian monk (D)
  An azure jelly (D)
  6 fire giants (D)
  12 frost giants (D)
  3 deep elf sorcerers (D)
  2 ghost moths (D)
  A daeva (D)
  A draconian shifter (D)
  A draconian stormcaller (D)
  6 ghouls (D)
  An angel (D)
  Aizul (D)
  A draconian scorcher (D)
  3 orc warlords (D)
  A war gargoyle (D)
  5 vampire knights (D)
  3 black draconians (D)
  11 stone giants (D)
  An ophan (D)
  An apis (D)
  3 deep elf demonologists (D)
  2 lorocyprocas (D)
  A red draconian (D)
  3 dire elephants (D)
  A white draconian (D)
  5 deep elf annihilators (D)
  A purple draconian (D)
  4 deep elf death magi (D)
  8 ettins (D)
  2 green deaths (D)
  A merfolk javelineer (D)
  3 fire dragons (D)
  A merfolk impaler (D)
  4 blizzard demons (D)
  4 ice dragons (D)
  A vault guard (D)
  A rakshasa (D)
  An alligator snapping turtle (D)
  4 hydras (D)
  3 hell beasts (D)
  A boulder beetle (D)
  An anaconda (D)
  A two-headed ogre (D)
  4 death knights (D)
  4 hell hogs (D)
  4 naga warriors (D)
  A spriggan berserker (D)
  7 vampire magi (D)
  3 deep elf knights (D)
  2 iron trolls (D)
  2 sun demons (D)
  8 skeletal warriors (D)
  A deep troll (D)
  8 flayed ghosts (D)
  A cherub (D)
  A lindwurm (D)
  11 harpies (D)
  3 phantasmal warriors (D)
  2 necromancers (D)
  A deep elf pyromancer (D)
  12 orc knights (D)
  2 deep elf zephyrmancers (D)
  A wolf spider (D)
  An orc sorcerer (D)
  20 cyclopes (D)
  A moth of wrath (D)
  An ugly thing (D)
  A black mamba (shapeshifter) (D)
  An elephant (D)
  A naga mage (D)
  A cane toad (D)
  An unseen horror (D)
  A freezing wraith (D)
  3 yaktaurs (D)
  An efreet (D)
  A hellwing (D)
  A demonic crawler (D)
  A red devil (D)
  3 ice devils (D)
  A wandering mushroom (D)
  2 guardian mummies (D)
  A polar bear (D)
  A queen bee (shapeshifter) (D)
  A troll (D)
  A wind drake (D)
  A tyrant leech (D)
  4 merfolk (D)
  A tarantella (D)
  A meliai (shapeshifter) (D)
  A snapping turtle (D)
  3 blink frogs (D)
  2 ynoxinuls (D)
  2 air elementals (D)
  6 wraiths (D)
  A shadow (D)
  5 vampires (D)
  2 fire bats (D)
  2 fire elementals (D)
  3 yaks (D)
  A basilisk (shapeshifter) (D)
  2 water elementals (D)
  3 redbacks (D)
  2 neqoxecs (D)
  2 wargs (D)
  An acid dragon (D)
  3 floating eyes (D)
  8 orc warriors (D)
  An ice beast (D)
  A centaur (D)
  2 phantoms (D)
  2 necrophages (D)
  An earth elemental (D)
  A crimson imp (D)
  An orc priest (D)
  3 orc wizards (D)
  A hell rat (D)
  An adder (D)
  2 gnolls (D)
  A river rat (D)
  4 white imps (D)
  An ufetubus (D)
  6 adder skeletons (D)
  5 adder zombies (D)
  3 adder simulacra (D)
  10 orcs (D)
  3 bat skeletons (D)
  2 bat zombies (D)
  3 giant cockroaches (D)
  2 hobgoblins (D)
  7 jackals (D)
  A ball python (D)
  A ball python simulacrum (D)
  A ball python zombie (D)
  2 bats (D)
  2 bat simulacra (D)
  2 giant cockroach simulacra (D)
  A giant cockroach zombie (D)
  2 jackal skeletons (D)
  A quokka simulacrum (D)
  2 quokka skeletons (D)
  A quokka zombie (D)
438 creatures vanquished.

Vanquished Creatures (others)
  An orc (D)
1 creature vanquished.

Grand Total: 439 creatures vanquished

Notes
Turn   | Place    | Note
-------+----------+-------------------------------------------
     0 | D        | rocky1 the Draconian Monk began the quest for the Orb.
     0 | D        | Reached XP level 1. HP: 19/19 MP: 1/1
    28 | D        | Reached XP level 2. HP: 10/27 MP: 2/2
   224 | D        | Found a bloodstained altar of Trog.
   224 | D        | Found a shimmering blue altar of Sif Muna.
   224 | D        | Found a viscous altar of Jiyva.
   224 | D        | Found a hazy altar of Hepliaklqana.
   224 | D        | Found an opulent altar of Gozag.
   225 | D        | Found a glowing golden altar of the Shining One.
   225 | D        | Found a glowing silver altar of Zin.
   225 | D        | Found a basalt altar of Yredelemnul.
   225 | D        | Found a shimmering altar of Xom.
   225 | D        | Found an ornate altar of the Wu Jian Council.
   225 | D        | Found a sacrificial altar of Ru.
   225 | D        | Found a stormy altar of Qazlal.
   225 | D        | Found an iron altar of Okawaru.
   225 | D        | Found a sparkling altar of Nemelex Xobeh.
   225 | D        | Found a burning altar of Makhleb.
   225 | D        | Found a blossoming altar of Fedhas.
   225 | D        | Found a white marble altar of Elyvilon.
   225 | D        | Found a shadowy altar of Dithmenos.
   225 | D        | Found a snail-covered altar of Cheibriados.
   228 | D        | Found a corrupted altar of Lugonu.
   228 | D        | Found a radiant altar of Vehumet.
   229 | D        | Found an ancient bone altar of Kikubaaqudgha.
   229 | D        | Found a hide-covered altar of Uskayaw.
   229 | D        | Found a broken altar of Ashenzari.
   238 | D        | Became a worshipper of Cheibriados the Contemplative
   238 | D        | Reached * piety under Cheibriados
   238 | D        | Reached ** piety under Cheibriados
   263 | D        | Noticed a floating eye
   265 | D        | Paralysed by a floating eye for 2 turns
   268 | D        | Killed a floating eye
   269 | D        | Reached skill level 5 in Fighting
   269 | D        | Reached skill level 5 in Polearms
   269 | D        | Reached XP level 3. HP: 36/36 MP: 2/6
   269 | D        | Reached XP level 4. HP: 42/42 MP: 2/7
   270 | D        | Reached *** piety under Cheibriados
   402 | D        | Reached **** piety under Cheibriados
   460 | D        | Noticed a centaur
   461 | D        | Noticed an ice beast
   461 | D        | Noticed a fire bat
   464 | D        | Killed a centaur
   464 | D        | Reached ***** piety under Cheibriados
   465 | D        | Reached skill level 6 in Fighting
   465 | D        | Reached skill level 5 in Dodging
   465 | D        | Reached skill level 5 in Stealth
   465 | D        | Reached XP level 5. HP: 41/50 MP: 8/10
   482 | D        | Killed a fire bat
   483 | D        | Reached skill level 7 in Fighting
   483 | D        | Reached skill level 5 in Invocations
   483 | D        | Reached XP level 6. HP: 8/60 MP: 5/12
   664 | D        | Killed an ice beast
   673 | D        | Reached skill level 5 in Spellcasting
   673 | D        | Your scales start taking on a glossy black colour.
   673 | D        | Reached XP level 7. HP: 59/67 MP: 14/14
   673 | D        | Gained mutation: You are resistant to electric shocks.
                  | (rElec) [Black Draconian growth]
   820 | D        | Noticed a flayed ghost
   828 | D        | Killed a flayed ghost
   828 | D        | Reached ****** piety under Cheibriados
   829 | D        | Reached skill level 8 in Fighting
   829 | D        | Reached XP level 8. HP: 77/77 MP: 14/17
   871 | D        | Reached skill level 9 in Fighting
   975 | D        | Noticed a red devil
   986 | D        | Killed a red devil
  1265 | D        | Noticed a hellwing
  1266 | D        | Noticed a cyclops
  1276 | D        | Killed a hellwing
  1282 | D        | Killed a cyclops
  1283 | D        | Reached skill level 10 in Fighting
  1283 | D        | Reached XP level 9. HP: 51/85 MP: 18/20
  1388 | D        | Noticed an efreet
  1388 | D        | Noticed a tyrant leech
  1391 | D        | Killed an efreet
  1399 | D        | Killed a tyrant leech
  1509 | D        | Noticed a boulder beetle
  1540 | D        | Killed a boulder beetle
  1541 | D        | Reached skill level 10 in Polearms
  1596 | D        | Noticed a demonic crawler
  1600 | D        | Killed a demonic crawler
  1601 | D        | Reached skill level 11 in Fighting
  1601 | D        | Reached skill level 10 in Invocations
  1602 | D        | Noticed a guardian mummy
  1607 | D        | Reached skill level 10 in Stealth
  1608 | D        | Reached XP level 10. HP: 36/96 MP: 11/22
  1854 | D        | Noticed a harpy
  1854 | D        | Noticed a harpy
  1854 | D        | Noticed a harpy
  1854 | D        | Noticed a harpy
  1857 | D        | Noticed a deep troll
  1858 | D        | Killed a harpy
  1858 | D        | Killed a harpy
  1858 | D        | Killed a harpy
  1858 | D        | Killed a harpy
  1859 | D        | Reached skill level 12 in Fighting
  1859 | D        | Reached skill level 10 in Dodging
  1865 | D        | Killed a deep troll
  2127 | D        | Noticed an orc knight
  2133 | D        | Noticed a lindwurm
  2135 | D        | Noticed a flayed ghost
  2137 | D        | Killed an orc knight
  2138 | D        | Reached skill level 10 in Spellcasting
  2138 | D        | Reached XP level 11. HP: 106/106 MP: 8/25
  2142 | D        | Killed a flayed ghost
  2142 | D        | Killed a lindwurm
  2143 | D        | Reached skill level 13 in Fighting
  2173 | D        | Noticed a necromancer
  2180 | D        | Killed a necromancer
  2540 | D        | Noticed a vampire knight
  2554 | D        | Killed a vampire knight
  2733 | D        | Noticed a merfolk javelineer
  2740 | D        | Killed a merfolk javelineer
  2807 | D        | Noticed a six-headed hydra
  2812 | D        | Reached skill level 14 in Fighting
  2817 | D        | Killed a six-headed hydra
  2869 | D        | Noticed a sun demon
  2890 | D        | Killed a sun demon
  3235 | D        | Noticed an orc knight
  3235 | D        | Noticed an orc knight
  3235 | D        | Noticed an orc knight
  3235 | D        | Noticed an orc knight
  3235 | D        | Noticed an orc knight
  3236 | D        | Noticed a phantasmal warrior
  3236 | D        | Noticed an orc warlord
  3236 | D        | Noticed an orc warlord
  3236 | D        | Noticed an orc knight
  3238 | D        | Noticed an orc knight
  3238 | D        | Noticed an orc knight
  3239 | D        | Killed a phantasmal warrior
  3240 | D        | Reached skill level 1 in Evocations
  3240 | D        | Reached XP level 12. HP: 118/118 MP: 11/27
  3243 | D        | Killed an orc warlord
  3244 | D        | Reached skill level 15 in Fighting
  3254 | D        | Killed an orc warlord
  3477 | D        | Noticed a vault guard
  3477 | D        | Noticed a hell hog
  3478 | D        | Noticed a hell hog
  3479 | D        | Noticed a naga warrior
  3481 | D        | Reached skill level 5 in Evocations
  3481 | D        | Killed a hell hog
  3481 | D        | Killed a hell hog
  3483 | D        | Noticed a hell hog
  3483 | D        | Noticed a hell hog
  3484 | D        | Killed a vault guard
  3485 | D        | Killed a hell hog
  3485 | D        | Killed a hell hog
  3485 | D        | Noticed a naga warrior
  3490 | D        | Killed a naga warrior
  3494 | D        | Killed a naga warrior
  3495 | D        | Reached skill level 16 in Fighting
  3539 | D        | Found the +9 heavy crossbow "Sniper" {vorpal, Acc+∞ SInv}
  3622 | D        | Noticed a naga warrior
  3623 | D        | Noticed a naga warrior
  3623 | D        | Noticed a ghost moth
  3624 | D        | Noticed a deep elf death mage
  3626 | D        | Killed a ghost moth
  3627 | D        | Reached skill level 1 in Ranged Weapons
  3627 | D        | Reached XP level 13. HP: 129/129 MP: 12/30
  3628 | D        | Killed a deep elf death mage
  3629 | D        | Reached skill level 15 in Polearms
  3630 | D        | Reached skill level 15 in Stealth
  3658 | D        | Got the +9 tower shield of the Komodo Dragon {rCorr}
  3931 | D        | Noticed a deep elf master archer
  3939 | D        | Killed a lorocyproca
  3940 | D        | Killed a deep elf master archer
  3941 | D        | Reached skill level 17 in Fighting
  4088 | D        | Got the ring of the Leaf {rPois rCorr SInv}
  4177 | D        | Noticed an angel
  4179 | D        | Reached skill level 5 in Ranged Weapons
  4181 | D        | Killed an angel
  4187 | D        | Noticed a death cob
  4190 | D        | Noticed a death cob
  4193 | D        | Killed a death cob
  4193 | D        | Killed a death cob
  4198 | D        | Reached skill level 15 in Dodging
  4730 | D        | Got the +7 glaive of Defence by Offence {vorpal, rC+ Will+
                  | SInv Stlth+}
  4882 | D        | Noticed a red draconian scorcher
  4884 | D        | Noticed a lich
  4884 | D        | Noticed a deep elf death mage
  4884 | D        | Noticed a deep elf annihilator
  4884 | D        | Noticed a deep elf annihilator
  4884 | D        | Noticed Frances
  4889 | D        | Killed a deep elf annihilator
  4894 | D        | Killed a lich
  4895 | D        | Reached skill level 18 in Fighting
  4895 | D        | Gained mutation: Your large and strong wings let you fly.
                  | [Black Draconian growth]
  4895 | D        | Reached XP level 14. HP: 134/143 MP: 22/32
  4900 | D        | Noticed a bone dragon
  4901 | D        | Killed Frances
  4902 | D        | Reached skill level 15 in Spellcasting
  4909 | D        | Killed a bone dragon
  4911 | D        | Noticed a purple draconian shifter
  4914 | D        | Killed a red draconian scorcher
  4924 | D        | Noticed a deep elf sorcerer
  4928 | D        | Killed a deep elf sorcerer
  4928 | D        | Killed a purple draconian shifter
  5218 | D        | Noticed a nagaraja
  5228 | D        | Killed a nagaraja
  5233 | D        | Noticed a green draconian monk
  5243 | D        | Killed a green draconian monk
  5264 | D        | Reached skill level 19 in Fighting
  5432 | D        | Noticed a deep elf sorcerer
  5437 | D        | Killed a deep elf sorcerer
  5489 | D        | Noticed a nagaraja
  5512 | D        | Noticed a deep elf master archer
  5514 | D        | Killed a nagaraja
  5514 | D        | Gained mutation: Your spells are a little easier to cast,
                  | but a little less powerful. [a neqoxec]
  5520 | D        | Killed a deep elf master archer
  5780 | D        | Got the Compendium of the Incandescent Tempest
  5784 | D        | Got the Secrets of Shapeshifting
  5795 | D        | Learned a level 7 spell: Dragon Form
  5804 | D        | Learned a level 8 spell: Ignition
  5813 | D        | Learned a level 8 spell: Maxwell's Capacitive Coupling
  5821 | D        | Reached skill level 10 in Evocations
  5940 | D        | Got the amulet of Vyboetsi {Spirit rF+ Will+}
  5942 | D        | Got the ring "Wytoithog" {Fly rF+}
  5944 | D        | Got the amulet "Fiohof" {Reflect Dex+8 SH+5}
  5946 | D        | Got the ring of Xom's Sleight of Hands {rPois rCorr Str+2}
  5948 | D        | Got the ring "Tous" {Fly rN+ Dex+4}
  5952 | D        | Got the ring "Risaf" {rC++ EV+4 Str-4 Int+6}
  5954 | D        | Got the amulet of the Red God {Reflect rN+ SH+5}
  5956 | D        | Got the ring of Curiosity {rPois rN+++ rCorr Dex+7 Slay-5}
  5958 | D        | Got the ring of the Briny Deep {rPois rF+ Int-2 Slay+5
                  | SInv}
  5960 | D        | Got the amulet "Licoxui" {Reflect rCorr Str+2 SH+5}
  5962 | D        | Got the amulet "Kuecuf" {RegenMP Will- Int+6}
  5964 | D        | Got the amulet "Qadolaenk" {RegenMP Dex+4}
  5966 | D        | Got the amulet "Vausm" {RegenMP +Blink rPois Dex-2 Slay-5}
  6005 | D        | Got the ring of the Seven Heavens {Wiz rPois}
  6009 | D        | Got the ring "Quqobuw" {Fly Will+++ Str-4 Int+6 Slay+2}
  6011 | D        | Got the ring of Minud {rC+ Int+3}
  6013 | D        | Got the ring "Liyvets" {Will+ Str+2 Dex+4}
  6015 | D        | Got the ring of Losir {Fire MP+9 Str+4}
  6017 | D        | Got the ring of Impatience {rF+ Will+ Dex+4}
  6019 | D        | Got the ring of Atunt {rElec Str+3 Int+4 Dex+6}
  6021 | D        | Got the ring of the Growing Seer {Str+6 Dex+9}
  6069 | D        | Got the ring of the Suburbs {Int+6 Dex+4 Stlth+}
  6071 | D        | Got the ring of Wariness {MP+9 SInv}
  6073 | D        | Got the ring of a Hundred Spirits {Ice rElec rPois Slay+3}
  6082 | D        | Lost mutation: Your spells are a little easier to cast, but
                  | a little less powerful. [potion of mutation]
  6082 | D        | Gained mutation: You have sharp toenails. [potion of
                  | mutation]
  6082 | D        | Gained mutation: Your mind is acute. (Int +4, Str/Dex -1)
                  | [potion of mutation]
  6082 | D        | Gained mutation: You are agile. (Dex +4, Str/Int -1)
                  | [potion of mutation]
  6189 | D        | Reached skill level 1 in Transmutations
  6189 | D        | Reached skill level 1 in Fire Magic
  6189 | D        | Reached skill level 1 in Air Magic
  6197 | D        | Reached skill level 10 in Ranged Weapons
  6322 | D        | Noticed a fire giant
  6329 | D        | Killed a fire giant
  6397 | D        | Noticed a ghoul
  6397 | D        | Noticed a ghoul
  6411 | D        | Noticed Aizul
  6422 | D        | Killed Aizul
  6423 | D        | Reached skill level 5 in Air Magic
  6443 | D        | Reached skill level 5 in Transmutations
  6443 | D        | Reached skill level 5 in Fire Magic
  6443 | D        | Reached XP level 15. HP: 39/152 MP: 20/35
  6638 | D        | Reached skill level 1 in Unarmed Combat
  6648 | D        | Noticed a bone dragon
  6669 | D        | Killed a bone dragon
  6917 | D        | Noticed a titan
  6917 | D        | Noticed a bone dragon
  6977 | D        | Killed a bone dragon
  6983 | D        | Reached skill level 5 in Unarmed Combat
  7341 | D        | Killed a titan
  7495 | D        | Noticed a deep elf blademaster
  7496 | D        | Noticed a daeva
  7496 | D        | Noticed a titan
  7497 | D        | Noticed a tentacled monstrosity
  7497 | D        | Noticed a hellephant
  7501 | D        | Killed a deep elf blademaster
  7505 | D        | Killed a daeva
  7520 | D        | Killed a titan
  7522 | D        | Killed a tentacled monstrosity
  7523 | D        | Reached skill level 10 in Transmutations
  7530 | D        | Killed a hellephant
  7874 | D        | Noticed a lich
  7874 | D        | Noticed a lich
  7874 | D        | Noticed a bone dragon
  7874 | D        | Noticed a lich
  7880 | D        | Killed a lich
  7881 | D        | Reached skill level 10 in Unarmed Combat
  7882 | D        | Reached skill level 20 in Fighting
  7882 | D        | Reached skill level 10 in Air Magic
  7882 | D        | Reached XP level 16. HP: 101/163 MP: 20/39
  7882 | D        | Killed a lich
  7882 | D        | Killed a lich
  7890 | D        | Killed a bone dragon
  8213 | D        | Got a silver rune of Zot
  8315 | D        | Noticed Dissolution
  8316 | D        | Noticed a storm dragon
  8320 | D        | Gained mutation: Your spells are a little harder to cast,
                  | but a little more powerful. [a shining eye]
  8320 | D        | Noticed a hellephant
  8321 | D        | Noticed a deep elf blademaster
  8323 | D        | Killed Dissolution
  8324 | D        | Reached skill level 21 in Fighting
  8324 | D        | Reached skill level 10 in Fire Magic
  8327 | D        | Killed a storm dragon
  8333 | D        | Reached skill level 15 in Transmutations
  8338 | D        | Killed a hellephant
  8591 | D        | Noticed Boris
  8900 | D        | Killed a deep elf blademaster
  8901 | D        | Reached skill level 22 in Fighting
  8914 | D        | Noticed a titan
  8923 | D        | Killed a titan
  8936 | D        | Noticed a deep elf blademaster
  9117 | D        | Noticed Mennas
  9118 | D        | Noticed an ancient lich
  9127 | D        | Killed an ancient lich
  9128 | D        | Reached skill level 15 in Air Magic
  9130 | D        | Killed Mennas
  9138 | D        | Killed a deep elf blademaster
  9139 | D        | Reached skill level 15 in Unarmed Combat
  9370 | D        | Noticed a bone dragon
  9380 | D        | Killed a bone dragon
  9508 | D        | Reached XP level 17. HP: 102/178 MP: 42/42
  9538 | D        | Noticed a golden dragon
  9546 | D        | Killed a golden dragon
  9547 | D        | Reached skill level 23 in Fighting
  9724 | D        | Noticed an ancient lich
  9730 | D        | Killed an ancient lich
  9868 | D        | Got the ring of Bos Liro {*Slow Will+ MP+9 Int+6}
  9870 | D        | Got the amulet of Insomnia {RegenMP rPois Regen+ Str+4
                  | Int+3}
  9872 | D        | Got the amulet "Ruoreiny" {Faith rElec rF- Str+3}
  9874 | D        | Got the amulet of Modesty {RegenMP Int+3 Slay+2}
  9876 | D        | Got the amulet "Atsiag" {Regen+ Dex+3 SInv}
  9878 | D        | Got the ring "Ysutiu" {rPois rCorr MP+9 Str+4 Dex+4}
  9880 | D        | Got the ring of Ypunats {rElec rF+ rN+ Stlth-}
  9918 | D        | Got the +2 pair of gloves "Tukotuiser" {rPois Int+7 Dex-4
                  | SInv}
  9933 | D        | Got the +5 bardiche "Lymipri" {pain, rElec MP+9 Int+4}
 10036 | D        | Noticed a Hell Sentinel
 10048 | D        | Killed a Hell Sentinel
 10049 | D        | Reached skill level 1 in Necromancy
 10086 | D        | Noticed an ancient lich
 10088 | D        | Killed an ancient lich
 10089 | D        | Reached skill level 15 in Fire Magic
 10091 | D        | Noticed a golden dragon
 10094 | D        | Killed a golden dragon
 10197 | D        | Noticed an acid blob
 10198 | D        | Killed an acid blob
 10201 | D        | Noticed Mara
 10202 | D        | Killed Mara
 10205 | D        | Noticed Frederick
 10205 | D        | Noticed an acid blob
 10205 | D        | Noticed Murray
 10205 | D        | Noticed a deep elf blademaster
 10205 | D        | Noticed Xtahua
 10211 | D        | Killed Murray
 10212 | D        | Reached skill level 5 in Necromancy
 10212 | D        | Killed a deep elf blademaster
 10213 | D        | Reached skill level 24 in Fighting
 10220 | D        | Killed Frederick
 10225 | D        | Killed an acid blob
 10229 | D        | Killed Xtahua
 10300 | D        | Noticed Pusaf the pandemonium lord
 10308 | D        | Killed Pusaf the pandemonium lord
 10311 | D        | Noticed a curse toe
 10313 | D        | Killed a curse toe
 10315 | D        | Noticed an orb of fire
 10322 | D        | Killed an orb of fire
 10328 | D        | Noticed a Brimstone Fiend
 10330 | D        | Killed a Brimstone Fiend
 10409 | D        | Noticed a titan
 10409 | D        | Noticed a titan
 10409 | D        | Noticed a titan
 10409 | D        | Noticed a titan
 10409 | D        | Noticed a titan
 10409 | D        | Noticed a titan
 10410 | D        | Killed a titan
 10410 | D        | Killed a titan
 10410 | D        | Killed a titan
 10410 | D        | Killed a titan
 10410 | D        | Killed a titan
 10410 | D        | Noticed a titan
 10411 | D        | Reached skill level 25 in Fighting
 10411 | D        | Reached skill level 10 in Necromancy
 10411 | D        | Reached XP level 18. HP: 181/194 MP: 35/45
 10413 | D        | Identified the +11 great sword of Urifakh {drain, rF+ rC+}
 10424 | D        | Reached skill level 26 in Fighting
 10445 | D        | HP: 13/298 [fire giant/bolt of fire (19)]
 10446 | D        | Reached skill level 27 in Fighting
 10446 | D        | HP: 5/300 [fire giant/+2 antimagic glaive (6)]
 10447 | D        | Killed from afar by a fire giant

Illustrated notes

Levels and vault maps discovered:
D:        pitsprint [storerooms_1, entrance_room_1, metal_vault_6, armoury_2,
          mini_pit_1, grid_room_1, main_hall_1, silver_pit, the_coven_3,
          the_vestibule_1, steel_vault_1, golden_pit, hallway_of_sentries,
          crystal_vault_2, iron_vault_1, final_vault]

Skill      XL: |  1  2  3  4  5  6  7  8  9 10 11 12 13 14 15 16 17 18 |
---------------+-------------------------------------------------------+-----
Dodging        | 3 4 5 6 7 8 9 10 12 13 15 16 | 16.4
Stealth        | 2 4 5 6 7 8 10 11 13 14 16 17 | 17.7
Polearms       | 5 6 7 8 9 10 11 13 14 16 18 20 22 24 | 24.0
Fighting       | 5 6 7 8 10 11 12 14 16 18 19 20 22 25 27 | 27.0
Spellcasting   | 2 3 4 5 6 7 8 10 11 13 14 16 19 21 23 24 | 24.6
Invocations    | 3 4 5 6 7 9 10 12 13 | 13.7
Evocations     | 1 6 7 10 | 10.0
Ranged Weapons | 1 7 10 11 | 11.1
Transmutations | 5 12 18 20 | 20.0
Fire Magic     | 5 8 13 17 19 | 19.8
Air Magic      | 6 10 16 20 23 | 23.1
Unarmed Combat | 11 15 19 20 | 20.9
Necromancy     | 10 14 | 14.1

Action                   |  1- 3 |  4- 6 |  7- 9 | 10-12 | 13-15 | 16-18 || total
-------------------------+-------+-------+-------+-------+-------+-------++-------
Melee: Spear             |    13 |       |       |       |       |       ||    13
       Tailslap          |     3 |     4 |    20 |    13 |    42 |    43 ||   125
       Trident           |     7 |    37 |    32 |       |       |       ||    76
       Demon trident     |       |       |    49 |   101 |    64 |       ||   214
       Punch             |       |       |       |     3 |       |    13 ||    16
       Glaive            |       |       |       |       |   209 |    55 ||   264
       Unarmed           |       |       |       |       |    12 |   151 ||   163
       Bite              |       |       |       |       |     1 |    17 ||    18
 Fire: Heavy crossbow    |       |       |       |     3 |     5 |       ||     8
 Cast: Dragon Form       |       |       |       |       |     1 |    10 ||    11
       Ignition          |       |       |       |       |       |     6 ||     6
Invok: Slouch            |       |     1 |     2 |    30 |    59 |    10 ||   102
       Bend Time         |       |       |     1 |       |       |       ||     1
       Step From Time    |       |       |       |       |       |     1 ||     1
 Abil: Breathe Lightning |       |       |     1 |       |     3 |     4 ||     8
  Use: Potion            |     1 |       |     2 |     5 |    17 |    13 ||    38
       Scroll            |       |       |       |       |     4 |     2 ||     6
 Stab: Sleeping          |     2 |     4 |     5 |     7 |     8 |    11 ||    37
       Distracted        |       |       |       |       |     7 |     2 ||     9
Armor: Skin              |     1 |     6 |     6 |    11 |    33 |    60 ||   117
Dodge: Dodged            |     9 |    24 |    48 |    79 |   367 |   231 ||   758

Table legend: (Time is in decaauts) A = Elapsed time spent in this place. B = Non-inter-level travel time spent in this place. C = Inter-level travel time spent in this place. D = Time resting spent in this place. E = Time spent auto-exploring this place. F = Levels seen in this place. G = Mean time per level. A B C D E F G +--------+--------+--------+--------+--------+-----+--------+ Total | 12476 | 12142 | 334 | 6881 | 0 | 1 | 12476.0 | Dungeon | 12476 | 12142 | 334 | 6881 | 0 | 1 | 12476.0 | +--------+--------+--------+--------+--------+-----+--------+

Top non-repeatable levels by time:
       D: 12476 daAuts
